 Dungeon Crawl Stone Soup version 0.32-a0-975-g85d4e5bfdb (webtiles) character file.

Game seed: 6769134351886896957

58 ezpacito the Chopper (level 4, 0/35 HPs)
             Began as a Coglin Chaos Knight on Apr 20, 2024.
             Was a Plaything of Xom.
             Slain by Sigmund
             ... wielding a +2 scythe of protection
              (11 damage)
             ... on level 2 of the Dungeon.
             The game lasted 00:01:11 (1321 turns).

ezpacito the Chopper (Coglin Chaos Knight)          Turns: 1321, Time: 00:01:11

Health: 0/35       AC:  5    Str: 15    XL:     4   Next: 2%
Magic:  4/4        EV: 10    Int: 11    God:    Xom [..*...]
Gold:   131        SH:  0    Dex: 13    Spells: 4/4 levels left

rFire   . . .        a - +0 hand axe (chaos) {Alejandra}
rCold   . . .        f - +0 spear {Wolf}
rNeg    . . .        b - +2 leather armour
rPois   .            (no helmet)
rElec   .            (no cloak)
rCorr   .            (no gloves)
SInv    .            (no boots)
Will    +....        (amulet unavailable)
Stlth   +            (ring unavailable)
HPRegen 0.25/turn    (ring unavailable)
MPRegen 0.09/turn    (no gizmo)

%: no passive effects
@: enlightened, flying, revved
A: off-hand wielding, slow wielding, warmup strikes, no jewellery
a: Invent Gizmo, Renounce Religion


You were on level 2 of the Dungeon.
You worshipped Xom.
You were a toy of Xom.
You visited 1 branch of the dungeon, and saw 2 of its levels.

You collected 131 gold pieces.

Inventory:

Hand Weapons
 a - a +0 hand axe of chaos (weapon) {Alejandra}
 f - a +0 spear (offhand) {Wolf}
Armour
 b - a +2 leather armour (worn)
Scrolls
 c - a scroll of butterflies
 g - a scroll of poison {unknown}
 h - a scroll of revelation {unknown}
Potions
 d - a potion of brilliance {unknown}


   Skills:
 * Level 3.3 Fighting
 * Level 3.3(3.5) Axes
 * Level 0.9(2.1) Polearms
 * Level 2.2 Armour
 * Level 1.5 Dodging
 + Level 0.3 Stealth
 + Level 0.5 Spellcasting


You had 4 spell levels left.
You didn't know any spells.
Your spell library contained the following spells:

 Spells                   Type           Power      Damage    Failure   Level
 Apportation              Tloc           0%         N/A       38%         1
 Necrotise                Necr           0%         1d4       38%         1
 Sting                    Conj/Alch      0%         1d3       38%         1
 Summon Small Mammal      Summ           0%         N/A       38%         1
 Ensorcelled Hibernation  Hex/Ice        0%         N/A       54%         2
 Lesser Beckoning         Tloc           0%         N/A       54%         2
 Maxwell's Portable Pile  Tloc           0%         2d(5-13)  77%         3
 Passwall                 Erth           0%         N/A       77%         3
 Swiftness                Air            0%         N/A       77%         3
 Teleport Other           Tloc           0%         N/A       77%         3


Dungeon Overview and Level Annotations

Branches:
Dungeon (2/15)

Altars:

Annotations:
D:2 Sigmund


Innate Abilities, Weirdness & Mutations

You can wield a second weapon in your off-hand.
It takes a long time for you to wield or remove held weapons.
Your first few attacks do less damage.
You cannot equip rings or amulets.


Message History

Health restored: 35; MP restored: 4 You barely miss the kobold with your +0 spear.
You closely miss the kobold with your +0 hand axe of chaos.
Sigmund casts a spell at you.
You are confused.
The kobold closely misses you.
You are too confused!
Sigmund completely misses you.
You hit the kobold but do no damage.
You hit the kobold with your +0 hand axe of chaos.
You freeze the kobold. The kobold hits you but does no damage.
Sigmund asks, "Do you like me?"
Sigmund hits you from afar with a +2 scythe of protection!
You take 12 damage, and have 23/35 hp.
MASSIVE DAMAGE!!
The kobold hits you but does no damage. Sigmund misses you.
You're too confused to move!
The kobold barely misses you.
You feel less confused.
Sigmund gestures wildly while chanting.
Sigmund flickers and vanishes!
Deactivating autopickup; reactivate with Ctrl-A.
The kobold barely misses you.
You hit something but do no damage.
You miss something with your +0 hand axe of chaos.
You hit the kobold but do no damage. Lightning courses through the kobold!!
You kill the kobold!
Something hits you!
You take 6 damage, and have 17/35 hp.
You hit something with your +0 spear.
You closely miss something with your +0 hand axe of chaos.
You hear some strange, mumbled words.
A puff of flame appears from out of thin air!
The puff of flame hits you.
You take 6 damage, and have 11/35 hp.
It was a potion of enlightenment.
You feel very buoyant.
You fly up into the air.
Xom thinks this is hilarious!
Something hits you!
You die... "Huh?
Did I miss anything?"

....#.###.###.#.#####
##.....# .####.# #...#...#
#..#.## ......# ###.########
##.#... ####### #.# #....#
#...##
#######'###....#########+#.##
..........)....#.............
...............#..........###
...............#......†...#
#######<###.@).#########'##
#.# #.{..# #.####
#'#.....)†...... #.....
.^.............. ######
................. #
................. #
................. ##
................. #.
............... #.


There were no monsters in sight!

Vanquished Creatures
  2 adders (D:2)
  2 dart slugs
  2 endoplasms (D:1)
  2 giant cockroaches
  6 goblins
  3 hobgoblins
  7 kobolds
  A quokka (D:2)
  2 ball pythons
  2 bats
  5 frilled lizards
  2 rats
36 creatures vanquished.

Notes
Turn   | Place    | Note
-------+----------+-------------------------------------------
     0 | D:1      | ezpacito the Coglin Chaos Knight began the quest for the
                  | Orb.
     0 | D:1      | Reached XP level 1. HP: 18/18 MP: 1/1
   143 | D:1      | Reached skill level 1 in Dodging
   199 | D:1      | Reached XP level 2. HP: 24/24 MP: 2/2
   243 | D:1      | Found a faded altar of an unknown god.
   619 | D:1      | XOM: silly message
   949 | D:2      | Reached XP level 3. HP: 20/29 MP: 3/3
  1015 | D:2      | XOM: noise
  1305 | D:2      | Noticed Sigmund
  1312 | D:2      | Reached XP level 4. HP: 35/35 MP: 4/4
  1321 | D:2      | Slain by Sigmund

Illustrated notes

Levels and vault maps discovered:
D:1:      dpeg_arrival_water_fire, layout_basic,
          chequers_ecumenical_altar_twisty
D:2:      layout_basic, uniq_sigmund

Skill      XL: |  1  2 |
---------------+-------+-----
Dodging        | 1 |  1.5
Armour         | 2 |  2.2
Fighting       | |  3.3
Axes           | |  3.3
Polearms       | |  0.9
Stealth        | |  0.3
Spellcasting   | |  0.5

Action                     |  1- 3 |  4- 6 || total
---------------------------+-------+-------++-------
  Melee: Hand axe          |    70 |     4 ||    74
         Dagger            |    27 |       ||    27
         Spear             |    56 |     4 ||    60
    Use: Potion            |       |     1 ||     1
   Stab: Sleeping          |     1 |       ||     1
         Distracted        |     1 |       ||     1
 Armour: Leather armour    |    43 |     6 ||    49
  Dodge: Dodged            |    43 |     5 ||    48

Table legend: (Time is in decaauts)
 A = Elapsed time spent in this place.
 B = Non-inter-level travel time spent in this place.
 C = Inter-level travel time spent in this place.
 D = Time resting spent in this place.
 E = Time spent auto-exploring this place.
 F = Levels seen in this place.
 G = Mean time per level.
                   A        B        C        D        E       F      G
               +--------+--------+--------+--------+--------+-----+--------+
         Total |   1327 |   1280 |     47 |      0 |   1053 |   2 |  663.5 |
       Dungeon |   1327 |   1280 |     47 |      0 |   1053 |   2 |  663.5 |
               +--------+--------+--------+--------+--------+-----+--------+

Top non-repeatable levels by time:
     D:1: 934 daAuts
     D:2: 392 daAuts
